 Dungeon Crawl Stone Soup version 0.32-a0-675-gdc239d62e1 (webtiles) character file.

Game seed: 4797930303505368642

84 Aldia the Trooper (level 4, -1/48 HPs)
             Began as an Oni Warper on Mar 11, 2024.
             Splashed by a jelly's acid (7 damage)
             ... on level 5 of the Dungeon.
             The game lasted 00:02:27 (2092 turns).

Aldia the Trooper (Oni Warper)                      Turns: 2092, Time: 00:02:27

Health: -1/48      AC: -5    Str: 15    XL:     4   Next: 45%
Magic:  7/7        EV:  9    Int: 16    God:
Gold:   64         SH:  0    Dex:  8    Spells: 4/8 levels left

rFire   . . .        a - +0 mace
rCold   . . .        (no shield)
rNeg    . . .        b - +0 robe
rPois   .            (helmet currently unavailable)
rElec   .            (cloak currently unavailable)
rCorr   .            (gloves unavailable)
SInv    .            (boots unavailable)
Will    .....        (no amulet)
Stlth   +            (no ring)
HPRegen 0.28/turn    (no ring)
MPRegen 0.10/turn

%: no passive effects
@: confused, beast-form, ambrosia-drunk, corroded
A: beast (slay +0), large, unfitting armour, horns 1, tough skin 1, double
potion healing, drunken brawling
a: Begin Untransformation


You were on level 5 of the Dungeon.
You were a hulking beast.
You visited 1 branch of the dungeon, and saw 4 of its levels.

You collected 96 gold pieces.
You spent 32 gold pieces at shops.

Inventory:

Hand Weapons
 a - a +0 mace (weapon)
Missiles
 d - 6 darts of dispersal (quivered)
 g - a throwing net
 i - 3 poisoned darts
Armour
 b - a +0 robe (worn)
Jewellery
 e - a +5 ring of evasion
 f - a ring of flight
Talismans
 h - a beast talisman (active)
Wands
 n - a wand of digging (4)
Scrolls
 c - a scroll of blinking
 k - 2 scrolls of fog {unknown}
Potions
 j - 2 potions of ambrosia
 l - a potion of might {unknown}
 m - a potion of curing {unknown}
 o - a potion of mutation {unknown}
 p - a potion of heal wounds


   Skills:
 + Level 4.1 Fighting
 * Level 3.8 Maces & Flails
 - Level 1.0 Throwing
 - Level 2.1 Dodging
 - Level 2.5 Spellcasting
 - Level 2.6 Translocations


You had 4 spell levels left.
You knew the following spells:

 Your Spells              Type           Power      Damage    Failure   Level
a - Blink                 Tloc           20%        N/A       10%         2
b - Lesser Beckoning      Tloc           20%        N/A       10%         2

Your spell library contained the following spells:

 Spells                   Type           Power      Damage    Failure   Level
 Teleport Other           Tloc           10%        N/A       21%         3
 Call Imp                 Summ           4%         N/A       30%         2
 Sublimation of Blood     Necr           2%         N/A       30%         2
 Manifold Assault         Tloc           10%        N/A       54%         4
 Vhi's Electric Charge    Tloc/Air       12%        N/A       75%         4
 Iskenderun's Battlesphe  Conj           2%         2d6       99%         5
 Bombard                  Conj/Erth      1%         9d1       100%        6
 Spellforged Servitor     Conj/Summ      1%         N/A       100%        7
 Summon Hydra             Summ           1%         N/A       100%        7


Dungeon Overview and Level Annotations

Branches:
Dungeon (5/15)
 Temple: D:4-7

Altars:

Shops:
D:2 *


Innate Abilities, Weirdness & Mutations

You are a hulking beast.
Your limbs bulge with bestial killing power. (Slay +0)
You are too large for most types of armour.
You have a pair of small horns on your head.
You have tough skin. (AC +1)
You gain doubled healing and magic from potions.
Whenever you drink a healing potion, you attack all around you.


Message History

The puff of flame misses you.
Things that are here:
a +0 whip; an orc corpse Something tries to affect you, but you resist.
A jelly comes into view.
The jelly quivers.
You hear some strange, mumbled words.
A puff of flame appears from out of thin air!
The puff of flame hits you. Something hits you.
You miss something. Your headbutt misses something. Something hits you. x2
You hit something but do no damage. Something hits you.
You closely miss something. Something hits you.
You closely miss something.
You hear some strange, mumbled words.
You are confused.
The jelly hits you. The acid corrodes you!
You are splashed with acid!
Something hits you. The jelly hits you.
You are splashed with acid!
* * * LOW HITPOINT WARNING * * *
Unknown command.
Unknown command.
You are too confused!
You take a swig of the potion and twirl your +0 mace.
You hit the jelly but do no damage. The acid corrodes you!
Your hands burn!
* * * LOW HITPOINT WARNING * * *
You closely miss something.
It was a potion of ambrosia.
You are more confused.
You savour every drop.
You feel invigorated. Something hits you.
* * * LOW HITPOINT WARNING * * *
The jelly hits you.
* * * LOW HITPOINT WARNING * * *
You are splashed with acid!
* * * LOW HITPOINT WARNING * * *
Unknown command.
Something hits you.
* * * LOW HITPOINT WARNING * * *
The jelly hits you.
* * * LOW HITPOINT WARNING * * *
You are splashed with acid!
You die...

#...........#.....#
#.........)....# .# .
...#............####.# ..
.........)...........#...
..>......................
.......#####.............
....#.. #...............
.#..... #..#.J...)......
#..... ....#.h..........
........................
..##.....###............
..#. ............##
##...........#
##..........#
##.######### #.#


You could see a jelly.

Vanquished Creatures
  Natasha (D:3)
  2 adders
  A dart slug (D:2)
  A ribbon worm (D:3)
  2 orcs (D:5)
  A bat (D:2)
  5 endoplasms
  2 hobgoblins
  5 jackals (D:1)
  3 quokkas
  3 frilled lizards
  2 kobolds (D:2)
  5 rats
33 creatures vanquished.

Notes
Turn   | Place    | Note
-------+----------+-------------------------------------------
     0 | D:1      | Aldia the Oni Warper began the quest for the Orb.
     0 | D:1      | Reached XP level 1. HP: 22/22 MP: 3/3
   156 | D:1      | Reached skill level 3 in Fighting
   214 | D:1      | Reached XP level 2. HP: 31/31 MP: 5/5
   927 | D:2      | Found Hadwilith's Assorted Antiques.
   935 | D:2      | Bought an inky potion for 16 gold pieces
   935 | D:2      | Bought a dark potion for 16 gold pieces
  1128 | D:2      | Reached XP level 3. HP: 34/37 MP: 6/6
  1131 | D:2      | Learned a level 2 spell: Blink
  1145 | D:2      | Learned a level 2 spell: Lesser Beckoning
  1807 | D:3      | Noticed Natasha
  1819 | D:3      | Killed Natasha
  1820 | D:3      | Reached skill level 4 in Fighting
  1820 | D:3      | Reached XP level 4. HP: 7/48 MP: 7/7
  2022 | D:3      | You fall into a shaft and drop 2 floors!
  2022 | D:5      | Entered Level 5 of the Dungeon
  2092 | D:5      | Splashed by a jelly's acid

Illustrated notes

Levels and vault maps discovered:
D:1:      amcnicky_arrival_double_pillar, layout_basic
D:2:      layout_basic, serial_shops, shop
D:3:      layout_basic, hangedman_decor_growths, minmay_stone_trees_small,
          uniq_robin, uniq_natasha
D:5:      layout_rooms, minmay_temple_entry_purple_smoke

Skill      XL: |  1  2  3 |
---------------+----------+-----
Fighting       | 3 4 |  4.1
Maces & Flails | 3 |  3.8
Throwing       | |  1.0
Dodging        | |  2.1
Spellcasting   | |  2.5
Translocations | |  2.6

Action                     |  1- 3 |  4- 6 || total
---------------------------+-------+-------++-------
  Melee: Mace              |   107 |    10 ||   117
         Headbutt          |    13 |     1 ||    14
  Throw: Dart              |     1 |       ||     1
    Use: Scroll            |       |     1 ||     1
         Potion            |       |     1 ||     1
 Armour: Robe              |    93 |    15 ||   108
  Dodge: Dodged            |    69 |     4 ||    73
   Form: Beast             |     1 |       ||     1

Table legend: (Time is in decaauts)
 A = Elapsed time spent in this place.
 B = Non-inter-level travel time spent in this place.
 C = Inter-level travel time spent in this place.
 D = Time resting spent in this place.
 E = Time spent auto-exploring this place.
 F = Levels seen in this place.
 G = Mean time per level.
                   A        B        C        D        E       F      G
               +--------+--------+--------+--------+--------+-----+--------+
         Total |   2121 |   2075 |     46 |      0 |   1724 |   4 |  530.2 |
       Dungeon |   2121 |   2075 |     46 |      0 |   1724 |   4 |  530.2 |
               +--------+--------+--------+--------+--------+-----+--------+

Top non-repeatable levels by time:
     D:1: 925 daAuts
     D:2: 765 daAuts
     D:3: 358 daAuts
     D:5: 71 daAuts
